General information
- name: BNet
- type: Ladder team game (AT/RT)
- host: Battle.net
- saver: ReachForTheSun
map: Deadlands
- players: 8
- length: 55:40
- speed: Fast
- version: 1.26 W3XP
- replay type: Public
» download(360 KB)
Players
team 1 (winner)

»
doodoooo (
red | 85 APM | 2100 actions | 24:36)
6 Priestess of the Moon
3 Trueshot Aura
2 Scout
1 Starfall
» actions
| Assign group hotkey | 64 | |
| Basic commands | 326 | |
| Build / train | 76 | |
| ESC pressed | 2 | |
| Enter build submenu | 16 | |
| Enter hero's abilities submenu | 6 | |
| Give item / drop item | 1 | |
| Remove unit from queue | 1 | |
| Right click | 570 | |
| Select / deselect | 298 | |
| Select group hotkey | 648 | |
| Use ability | 92 | |
2100 total
» units
| Wisp | 12 | |
| Archer | 15 | |
| Hippogryph | 9 | |
| Faerie Dragon | 7 | |
43 total
» upgrades
| Improved Bows | 1 | |
| Hippogryph Taming | 1 | |
| Marksmanship | 1 | |
| Strength of the Moon | 3 | |
| Druid of the Talon Training | 1 | |
| Moon Armor | 1 | |
| Strength of the Wild | 2 | |
| Reinforced Hides | 2 | |
12 total
» buildings
| Moon Well | 5 | |
| Ancient of War | 2 | |
| Altar of Elders | 1 | |
| Tree of Ages | 6 | |
| Ancient of Wind | 6 | |
| Ancient of Wonders | 1 | |
| Hunter's Hall | 1 | |
| Tree of Eternity | 1 | |
23 total
» build order
00:20 Moon Well
00:33 Ancient of War
01:01 Altar of Elders
01:18 Moon Well
02:52 Tree of Ages
02:52 Tree of Ages
02:52 Tree of Ages
02:52 Tree of Ages
03:24 Moon Well
05:33 Ancient of Wind
05:34 Ancient of Wind
05:35 Ancient of Wonders
06:12 Ancient of Wind
06:15 Ancient of Wind
06:18 Ancient of Wind
06:33 Moon Well
07:00 Hunter's Hall
07:02 Tree of Eternity
09:30 Ancient of Wind
10:57 Ancient of War
14:51 Moon Well
» items
| Staff of Preservation | 1 | |
| Scroll of Town Portal | 4 | |
| Healing Salve | 1 | |
6 total
NerfedBM (
blue | 114 APM | 2490 actions | 21:54)
4 Blademaster
2 Wind Walk
2 Critical Strike
3 Shadow Hunter
2 Hex
1 Healing Wave
» actions
| Assign group hotkey | 35 | |
| Basic commands | 67 | |
| Build / train | 79 | |
| ESC pressed | 3 | |
| Enter build submenu | 19 | |
| Enter hero's abilities submenu | 7 | |
| Give item / drop item | 2 | |
| Remove unit from queue | 4 | |
| Right click | 1197 | |
| Select / deselect | 245 | |
| Select group hotkey | 693 | |
| Use ability | 139 | |
2490 total
» units
| Peon | 10 | |
| Grunt | 5 | |
| Wind Rider | 6 | |
| Troll Batrider | 16 | |
37 total
» upgrades
| Pillage | 0 | |
| Armor | 1 | |
| Melee Weapons | 1 | |
| Envenomed Spears | 1 | |
| Liquid Fire | 1 | |
| Ranged Weapons | 1 | |
5 total
» buildings
| Altar of Storms | 1 | |
| Orc Burrow | 7 | |
| Voodoo Lounge | 1 | |
| Barracks | 1 | |
| War Mill | 1 | |
| Stronghold | 2 | |
| Watch Tower | 6 | |
| Beastiary | 3 | |
| Fortress | 2 | |
| Great Hall | 1 | |
25 total
» build order
00:10 Altar of Storms
00:12 Orc Burrow
01:01 Voodoo Lounge
01:19 Barracks
01:54 Orc Burrow
02:08 War Mill
04:13 Stronghold
05:07 Orc Burrow
05:34 Watch Tower
05:38 Watch Tower
07:19 Orc Burrow
07:30 Beastiary
07:37 Beastiary
08:15 Fortress
08:15 Fortress
11:51 Orc Burrow
11:55 Orc Burrow
14:08 Great Hall
14:38 Orc Burrow
16:08 Watch Tower
19:15 Watch Tower
19:15 Watch Tower
19:19 Watch Tower
21:09 Beastiary
» items
| Healing Salve | 5 | |
| Lesser Clarity Potion | 4 | |
| Scroll of Speed | 1 | |
| Scroll of Town Portal | 2 | |
12 total
ReachForTheSun (
orange | 97 APM | 5395 actions | 55:40)
9 Archmage
3 Summon Water Elemental
3 Brilliance Aura
2 Blizzard
1 Mass Teleport
1 Paladin
1 Holy Light
1 Beastmaster
1 Summon Quilbeast
» actions
| Assign group hotkey | 130 | |
| Basic commands | 394 | |
| Build / train | 273 | |
| ESC pressed | 19 | |
| Enter build submenu | 81 | |
| Enter hero's abilities submenu | 13 | |
| Give item / drop item | 9 | |
| Remove unit from queue | 2 | |
| Right click | 1797 | |
| Select / deselect | 612 | |
| Select group hotkey | 1621 | |
| Use ability | 444 | |
5395 total
» units
| Peasant | 38 | |
| Footman | 7 | |
| Goblin Shredder | 4 | |
| Gryphon Rider | 8 | |
| Dragonhawk Rider | 4 | |
| Siege Engine | 4 | |
| Flying Machine | 3 | |
| Goblin Sapper | 5 | |
73 total
» upgrades
| Swords | 3 | |
| Armor | 3 | |
| Masonry | 3 | |
| Animal War Training | 1 | |
| Lumber Harvesting | 2 | |
| Storm Hammers | 1 | |
| Cloud | 1 | |
| Gunpowder | 4 | |
| Plating | 4 | |
| Backpack | 1 | |
| Barrage | 1 | |
| Flak Cannons | 1 | |
| Flying Machine Bombs | 1 | |
26 total
» buildings
| Altar of Kings | 1 | |
| Barracks | 1 | |
| Farm | 10 | |
| Arcane Vault | 3 | |
| Town Hall | 8 | |
| Keep | 4 | |
| Blacksmith | 1 | |
| Scout Tower | 64 | |
| Lumber Mill | 1 | |
| Castle | 3 | |
| Gryphon Aviary | 4 | |
| Guard Tower | 89 | |
| Workshop | 4 | |
193 total
» build order
00:56 Altar of Kings
00:58 Barracks
00:59 Farm
01:06 Farm
01:34 Farm
02:13 Arcane Vault
02:20 Farm
02:35 Farm
02:41 Farm
04:17 Town Hall
05:06 Keep
05:06 Keep
05:07 Keep
06:38 Blacksmith
07:28 Scout Tower
07:29 Scout Tower
07:30 Scout Tower
07:31 Scout Tower
07:32 Scout Tower
08:09 Lumber Mill
08:50 Castle
08:50 Castle
08:57 Gryphon Aviary
08:58 Gryphon Aviary
09:01 Guard Tower
09:42 Scout Tower
09:43 Scout Tower
09:44 Scout Tower
09:45 Scout Tower
09:46 Scout Tower
09:50 Town Hall
10:10 Guard Tower
10:10 Guard Tower
10:10 Guard Tower
10:10 Guard Tower
10:11 Guard Tower
10:12 Guard Tower
10:12 Guard Tower
10:12 Guard Tower
10:15 Guard Tower
10:15 Guard Tower
10:15 Guard Tower
10:16 Guard Tower
10:16 Guard Tower
10:17 Guard Tower
11:18 Scout Tower
11:20 Scout Tower
11:21 Scout Tower
11:22 Scout Tower
11:27 Scout Tower
11:53 Guard Tower
11:53 Guard Tower
11:54 Guard Tower
12:00 Scout Tower
12:01 Scout Tower
12:02 Scout Tower
12:04 Scout Tower
12:04 Scout Tower
12:06 Scout Tower
12:09 Scout Tower
12:10 Scout Tower
12:12 Scout Tower
12:13 Scout Tower
12:13 Scout Tower
12:14 Scout Tower
12:15 Scout Tower
12:16 Scout Tower
12:17 Scout Tower
12:18 Scout Tower
12:19 Scout Tower
12:21 Guard Tower
12:36 Guard Tower
12:36 Guard Tower
12:36 Guard Tower
12:44 Guard Tower
12:44 Guard Tower
12:50 Scout Tower
12:50 Scout Tower
12:55 Scout Tower
12:56 Scout Tower
12:57 Scout Tower
12:58 Scout Tower
12:58 Scout Tower
13:00 Scout Tower
13:14 Guard Tower
13:14 Guard Tower
13:14 Guard Tower
13:26 Guard Tower
13:26 Guard Tower
13:34 Guard Tower
13:34 Guard Tower
13:34 Guard Tower
13:35 Guard Tower
13:35 Guard Tower
13:38 Guard Tower
13:39 Guard Tower
13:39 Guard Tower
13:39 Guard Tower
14:03 Guard Tower
14:03 Guard Tower
14:25 Guard Tower
14:25 Guard Tower
14:25 Guard Tower
14:28 Scout Tower
14:29 Scout Tower
14:30 Scout Tower
14:32 Scout Tower
14:38 Scout Tower
15:02 Guard Tower
15:02 Guard Tower
15:02 Guard Tower
15:03 Guard Tower
15:03 Guard Tower
15:04 Guard Tower
15:35 Guard Tower
16:12 Scout Tower
16:13 Scout Tower
16:14 Scout Tower
16:15 Scout Tower
16:16 Scout Tower
16:16 Scout Tower
16:18 Scout Tower
16:19 Scout Tower
16:21 Scout Tower
16:22 Scout Tower
16:25 Scout Tower
16:26 Scout Tower
16:27 Scout Tower
16:28 Scout Tower
16:29 Scout Tower
17:10 Guard Tower
17:17 Guard Tower
17:18 Guard Tower
17:18 Guard Tower
17:19 Guard Tower
17:19 Guard Tower
17:19 Guard Tower
17:19 Guard Tower
17:24 Gryphon Aviary
17:25 Gryphon Aviary
17:56 Guard Tower
17:57 Guard Tower
17:57 Guard Tower
18:27 Guard Tower
19:14 Arcane Vault
19:19 Arcane Vault
19:27 Farm
19:28 Farm
21:15 Scout Tower
21:16 Scout Tower
21:17 Scout Tower
21:58 Guard Tower
24:06 Workshop
24:06 Workshop
24:07 Workshop
24:08 Workshop
33:25 Town Hall
35:00 Farm
36:45 Town Hall
37:47 Scout Tower
37:50 Farm
38:16 Town Hall
41:58 Town Hall
43:05 Town Hall
47:23 Town Hall
» items
| Scroll of Regeneration | 13 | |
| Mechanical Critter | 1 | |
| Staff of Teleportation | 3 | |
| Periapt of Vitality | 3 | |
| Tome of Retraining | 1 | |
| Lesser Clarity Potion | 1 | |
| Scroll of Town Portal | 6 | |
| Potion of Healing | 3 | |
| Boots of Speed | 2 | |
33 total
999RoCcOo (
green | 74 APM | 4128 actions | 55:39)
6 Death Knight
2 Death Coil
3 Unholy Aura
1 Animate Dead
4 Lich
2 Frost Nova
1 Dark Ritual
1 Frost Armor
5 Dreadlord
2 Sleep
3 Vampiric Aura
» actions
| Assign group hotkey | 44 | |
| Basic commands | 297 | |
| Build / train | 124 | |
| ESC pressed | 1 | |
| Enter build submenu | 29 | |
| Enter hero's abilities submenu | 16 | |
| Give item / drop item | 11 | |
| Right click | 1246 | |
| Select / deselect | 1209 | |
| Select group hotkey | 955 | |
| Use ability | 196 | |
4128 total
» units
| Acolyte | 24 | |
| Ghoul | 3 | |
| Crypt Fiend | 5 | |
| Goblin Zeppelin | 3 | |
| Goblin Shredder | 2 | |
| Frost Wyrm | 15 | |
52 total
» upgrades
| Creature Attack | 2 | |
| Web | 1 | |
| Creature Carapace | 3 | |
6 total
» buildings
| Graveyard | 1 | |
| Crypt | 1 | |
| Ziggurat | 10 | |
| Altar of Darkness | 1 | |
| Nerubian Tower | 4 | |
| Tomb of Relics | 1 | |
| Halls of the Dead | 4 | |
| Necropolis | 3 | |
| Spirit Tower | 5 | |
| Black Citadel | 5 | |
| Sacrificial Pit | 1 | |
| Boneyard | 3 | |
39 total
» build order
00:12 Graveyard
00:17 Crypt
01:03 Ziggurat
01:05 Altar of Darkness
02:46 Nerubian Tower
02:49 Tomb of Relics
02:57 Ziggurat
04:10 Halls of the Dead
04:10 Halls of the Dead
04:11 Halls of the Dead
05:06 Ziggurat
05:11 Necropolis
05:29 Ziggurat
06:04 Spirit Tower
06:07 Ziggurat
06:21 Nerubian Tower
06:45 Black Citadel
06:45 Black Citadel
06:46 Black Citadel
06:46 Black Citadel
07:20 Spirit Tower
09:31 Sacrificial Pit
09:46 Spirit Tower
09:46 Spirit Tower
10:56 Boneyard
11:04 Boneyard
12:29 Ziggurat
15:02 Necropolis
17:46 Ziggurat
17:52 Ziggurat
18:30 Boneyard
19:37 Ziggurat
19:38 Ziggurat
46:03 Necropolis
» items
| Rod of Necromancy | 2 | |
| Sacrificial Skull | 1 | |
| Dust of Appearance | 1 | |
| Scroll of Town Portal | 5 | |
| Ivory Tower | 1 | |
| Scroll of Regeneration | 2 | |
| Lesser Clarity Potion | 4 | |
| Orb of Corruption | 1 | |
| Scroll of Protection | 2 | |
| Scroll of Healing | 2 | |
| Potion of Lesser Invulnerability | 3 | |
| Anti-magic Potion | 1 | |
| Potion of Healing | 2 | |
27 total
team 2 (loser)

»
peonan1gger (
pink | 39 APM | 1881 actions | 47:51)
7 Far Seer
3 Feral Spirit
3 Chain Lighting
1 Earth Quake
» actions
| Assign group hotkey | 25 | |
| Basic commands | 16 | |
| Build / train | 65 | |
| Enter build submenu | 23 | |
| Enter hero's abilities submenu | 7 | |
| Give item / drop item | 3 | |
| Right click | 689 | |
| Select / deselect | 473 | |
| Select group hotkey | 503 | |
| Use ability | 77 | |
1881 total
» units
| Peon | 13 | |
| Troll Headhunter/Berserker | 14 | |
| Shaman | 9 | |
| Grunt | 2 | |
38 total
» upgrades
| Armor | 3 | |
| Ranged Weapons | 2 | |
| Troll Regeneration | 1 | |
| Shaman Training | 2 | |
| Witch Doctor Training | 1 | |
| Reinforced Defenses | 1 | |
| Berserker Upgrade | 1 | |
11 total
» buildings
| Orc Burrow | 6 | |
| Altar of Storms | 1 | |
| War Mill | 2 | |
| Barracks | 2 | |
| Watch Tower | 6 | |
| Voodoo Lounge | 1 | |
| Stronghold | 1 | |
| Spirit Lodge | 2 | |
| Fortress | 1 | |
| Great Hall | 1 | |
23 total
» build order
00:06 Orc Burrow
00:16 Altar of Storms
01:02 Orc Burrow
01:22 War Mill
01:53 Barracks
02:05 Barracks
02:38 Orc Burrow
04:13 Watch Tower
04:23 Voodoo Lounge
04:44 Orc Burrow
05:57 Watch Tower
06:12 Orc Burrow
07:31 Stronghold
09:06 Orc Burrow
10:29 Spirit Lodge
10:54 Spirit Lodge
11:11 Fortress
13:26 Watch Tower
13:35 Watch Tower
13:39 Watch Tower
13:41 Watch Tower
19:54 War Mill
23:08 Great Hall
» items
| Healing Salve | 2 | |
| Potion of Healing | 2 | |
| Scroll of Town Portal | 2 | |
6 total
UniQue101 (
yellow | 57 APM | 2705 actions | 47:12)
7 Mountain King
3 Storm Bolt
1 Bash
2 Thunder Clap
1 Avatar
6 Paladin
3 Holy Light
1 Divine Shield
1 Devotion Aura
1 Resurrection
» actions
| Assign group hotkey | 37 | |
| Basic commands | 274 | |
| Build / train | 107 | |
| Enter build submenu | 37 | |
| Enter hero's abilities submenu | 12 | |
| Give item / drop item | 2 | |
| Right click | 675 | |
| Select / deselect | 487 | |
| Select group hotkey | 887 | |
| Use ability | 187 | |
2705 total
» units
| Peasant | 28 | |
| Footman | 8 | |
| Dragonhawk Rider | 16 | |
| Gryphon Rider | 3 | |
55 total
» upgrades
| Masonry | 3 | |
| Lumber Harvesting | 2 | |
| Swords | 3 | |
| Plating | 1 | |
| Animal War Training | 1 | |
| Armor | 3 | |
| Cloud | 1 | |
| Storm Hammers | 1 | |
15 total
» buildings
| Altar of Kings | 1 | |
| Farm | 12 | |
| Barracks | 1 | |
| Arcane Vault | 1 | |
| Keep | 1 | |
| Scout Tower | 11 | |
| Lumber Mill | 1 | |
| Blacksmith | 1 | |
| Guard Tower | 6 | |
| Arcane Tower | 1 | |
| Town Hall | 4 | |
| Castle | 1 | |
| Gryphon Aviary | 3 | |
44 total
» build order
00:48 Altar of Kings
01:06 Farm
01:25 Barracks
01:42 Farm
02:18 Farm
02:57 Farm
03:56 Arcane Vault
04:07 Keep
05:03 Scout Tower
05:06 Lumber Mill
05:09 Scout Tower
05:11 Scout Tower
05:17 Blacksmith
05:32 Guard Tower
05:37 Scout Tower
05:49 Guard Tower
05:50 Arcane Tower
06:08 Guard Tower
06:12 Scout Tower
07:19 Guard Tower
07:39 Scout Tower
07:40 Scout Tower
07:42 Scout Tower
07:44 Scout Tower
07:46 Scout Tower
08:18 Guard Tower
09:04 Town Hall
09:11 Scout Tower
09:33 Castle
09:39 Guard Tower
10:19 Farm
11:11 Farm
11:57 Gryphon Aviary
11:59 Gryphon Aviary
12:02 Gryphon Aviary
12:41 Farm
13:19 Farm
14:00 Farm
16:23 Farm
17:23 Farm
18:50 Farm
27:21 Town Hall
33:47 Town Hall
37:06 Town Hall
» items
| Scroll of Regeneration | 5 | |
| Lesser Clarity Potion | 3 | |
| Orb of Fire | 1 | |
| Scroll of Town Portal | 2 | |
| Potion of Mana | 1 | |
| Potion of Healing | 1 | |
13 total
No. (
purple | 50 APM | 2788 actions | 55:39)
8 Blademaster
3 Wind Walk
3 Critical Strike
1 Bladestorm
1 Mirror Image
» actions
| Assign group hotkey | 36 | |
| Basic commands | 165 | |
| Build / train | 100 | |
| Enter build submenu | 40 | |
| Enter hero's abilities submenu | 8 | |
| Give item / drop item | 11 | |
| Remove unit from queue | 1 | |
| Right click | 1271 | |
| Select / deselect | 490 | |
| Select group hotkey | 316 | |
| Use ability | 350 | |
2788 total
» units
| Peon | 13 | |
| Grunt | 4 | |
| Goblin Shredder | 1 | |
| Goblin Sapper | 4 | |
| Wind Rider | 14 | |
| Troll Batrider | 14 | |
50 total
» upgrades
| Reinforced Defenses | 1 | |
| Ranged Weapons | 3 | |
| Armor | 3 | |
| Liquid Fire | 1 | |
| Envenomed Spears | 1 | |
9 total
» buildings
| Orc Burrow | 8 | |
| Altar of Storms | 1 | |
| Barracks | 1 | |
| Voodoo Lounge | 2 | |
| Stronghold | 1 | |
| War Mill | 1 | |
| Great Hall | 2 | |
| Watch Tower | 28 | |
| Fortress | 1 | |
| Beastiary | 4 | |
49 total
» build order
00:12 Orc Burrow
00:54 Altar of Storms
00:57 Barracks
01:10 Orc Burrow
01:40 Voodoo Lounge
02:50 Stronghold
03:55 War Mill
04:10 Orc Burrow
05:15 Great Hall
05:20 Watch Tower
05:21 Watch Tower
05:21 Watch Tower
05:21 Watch Tower
05:59 Watch Tower
07:26 Watch Tower
07:26 Watch Tower
07:28 Watch Tower
07:58 Watch Tower
07:58 Watch Tower
08:55 Voodoo Lounge
08:59 Fortress
09:12 Orc Burrow
11:05 Watch Tower
11:06 Watch Tower
11:08 Watch Tower
11:09 Watch Tower
11:10 Watch Tower
11:12 Watch Tower
11:17 Watch Tower
11:18 Watch Tower
11:19 Watch Tower
11:21 Watch Tower
14:05 Great Hall
14:07 Watch Tower
14:08 Watch Tower
14:08 Watch Tower
14:08 Watch Tower
14:09 Watch Tower
14:10 Watch Tower
14:10 Watch Tower
14:11 Watch Tower
16:13 Beastiary
16:14 Beastiary
16:21 Beastiary
16:24 Beastiary
17:01 Orc Burrow
17:03 Orc Burrow
17:06 Orc Burrow
24:37 Orc Burrow
» items
| Healing Salve | 7 | |
| Potion of Healing | 4 | |
| Potion of Mana | 4 | |
| Lesser Clarity Potion | 3 | |
| Orb of Lightning | 1 | |
| Periapt of Vitality | 3 | |
| Potion of Lesser Invulnerability | 2 | |
| Scroll of Town Portal | 4 | |
| Staff of Teleportation | 1 | |
29 total
i-am-ghey-hey (
teal | 46 APM | 1777 actions | 38:46)
8 Paladin
3 Holy Light
2 Divine Shield
1 Devotion Aura
2 Resurrection
6 Mountain King
2 Bash
1 Thunder Clap
3 Storm Bolt
» actions
| Assign group hotkey | 664 | |
| Basic commands | 17 | |
| Build / train | 103 | |
| Enter build submenu | 34 | |
| Enter hero's abilities submenu | 14 | |
| Remove unit from queue | 2 | |
| Right click | 414 | |
| Select / deselect | 239 | |
| Select group hotkey | 185 | |
| Use ability | 105 | |
1777 total
» units
| Peasant | 16 | |
| Footman | 7 | |
| Priest | 11 | |
| Spell Breaker | 4 | |
| Draenei Darkslayer | 1 | |
| Knight | 12 | |
| Siege Engine | 4 | |
55 total
» upgrades
| Swords | 3 | |
| Plating | 3 | |
| Animal War Training | 1 | |
| Priest Training | 2 | |
| Control Magic | 1 | |
10 total
» buildings
| Altar of Kings | 1 | |
| Farm | 13 | |
| Barracks | 1 | |
| Lumber Mill | 1 | |
| Blacksmith | 1 | |
| Keep | 1 | |
| Arcane Vault | 1 | |
| Arcane Sanctum | 1 | |
| Castle | 1 | |
| Scout Tower | 9 | |
| Guard Tower | 7 | |
| Town Hall | 2 | |
| Workshop | 2 | |
| Arcane Tower | 2 | |
43 total
» build order
00:07 Altar of Kings
00:20 Farm
01:03 Barracks
01:13 Lumber Mill
01:20 Farm
01:58 Farm
02:14 Blacksmith
02:41 Farm
03:37 Keep
03:52 Farm
04:42 Farm
04:59 Arcane Vault
06:18 Arcane Sanctum
06:25 Castle
08:07 Farm
10:20 Farm
11:20 Farm
12:05 Farm
14:48 Scout Tower
14:53 Scout Tower
16:12 Guard Tower
16:13 Guard Tower
16:29 Town Hall
19:12 Farm
20:47 Farm
20:57 Town Hall
22:58 Scout Tower
23:08 Farm
24:45 Guard Tower
24:50 Scout Tower
25:30 Guard Tower
25:34 Scout Tower
26:36 Guard Tower
26:39 Scout Tower
26:43 Scout Tower
26:52 Workshop
26:57 Workshop
27:14 Guard Tower
27:17 Guard Tower
27:27 Scout Tower
27:33 Scout Tower
28:42 Arcane Tower
28:46 Arcane Tower
» items
| Scroll of Regeneration | 2 | |
| Scroll of Town Portal | 2 | |
| Healing Salve | 1 | |
5 total
Chat log
(00:06 / All) No.: I'm not just ready
(00:10 / All) No.: I'm ready Freddy
(00:14 / Allies) 999RoCcOo: heyy
(00:16 / All) ReachForTheSun: Are you all READY?
(00:16 / All) ReachForTheSun: READY
(00:18 / All) ReachForTheSun: READY?
(00:21 / All) ReachForTheSun: ARE WE ALL READY
(00:23 / All) NerfedBM: go back to playing the comp then come back when you feel ready
(00:24 / All) ReachForTheSun: TELL ME IF YOU ARE READY
(00:34 / All) ReachForTheSun: BLUE ARE YOU READY TO BE RUMBLED?
(00:39 / All) NerfedBM: no :(
(00:40 / All) doodoooo: Call me daddy
(00:46 / All) NerfedBM: hey mum
(00:48 / All) ReachForTheSun: OF COURSE YOU AREn"T YOU ARE 11-8
(00:51 / All) No.: SpongeBob SquarePants top 5 cartoon all time
(01:30 / Allies) NerfedBM: grunts raider tauren sham
(01:35 / Allies) NerfedBM: NO
(01:38 / Allies) NerfedBM: wyvs and bats
(01:44 / Allies) ReachForTheSun: Why wyvs and bats instead?
(01:51 / Allies) NerfedBM: feeling it
(01:55 / Allies) doodoooo: Trolls for the win?
(01:58 / Allies) NerfedBM: one of those games
(02:09 / All) No.: Ren and Stimpy, SpongeBob, Johnny Bravo, Rocko's Modern Life, Beavis and Butthead
(02:10 / All) No.: top 5
(02:22 / All) ReachForTheSun: Johnny Bravo owned
(02:29 / All) No.: Sure did
(02:32 / All) NerfedBM: loved it
(05:38 / Allies) 999RoCcOo: wood plz 100
(05:49 / Allies) 999RoCcOo: ty
(06:31 / All) NerfedBM: that was a mistake DX
(06:57 / All) No.: holy fuck that creep was h ard to click
(10:27 / Allies) NerfedBM: sto
(10:30 / Allies) 999RoCcOo: wood plz
(12:40 / Allies) 999RoCcOo: gg
(13:50 / All) No.: should have holy lighted the dk ass
(14:11 / Allies) ReachForTheSun: counter
(14:48 / Allies) 999RoCcOo: gold plzzz
(15:16 / All) No.: I have a lot of latecny
(15:32 / All) No.: drop hack or is it jusit me?
(15:37 / All) ReachForTheSun: Mine is fine
(16:04 / Allies) NerfedBM: b
(16:08 / All) No.: I'm getting 100 100 army and raping your faggot face blue
(16:19 / All) NerfedBM: cool
(16:33 / All) No.: I turned of utorrent and it's stil lgoing wonky
(16:33 / All) NerfedBM: more towers mb ?
(16:36 / Allies) ReachForTheSun: yeah
(16:40 / Allies) ReachForTheSun: need more at my main
(17:02 / All) ReachForTheSun: fuck
(17:06 / All) ReachForTheSun: Late to click tp
(17:08 / All) 999RoCcOo: woww good team :s
(17:37 / Allies) 999RoCcOo: gold plz for frost
(17:40 / All) No.: I don't know if it's bandwidth or what
(17:54 / All) ReachForTheSun: Maybe a hidden bandwidth cap
(18:37 / Allies) NerfedBM: switching to mass bats no wyvs
(18:53 / Allies) 999RoCcOo: b
(20:20 / Allies) NerfedBM: b
(20:25 / Allies) NerfedBM: toi main
(20:32 / Allies) 999RoCcOo: woww
(20:50 / Allies) NerfedBM: wood?
(21:01 / Allies) NerfedBM: ty
(21:06 / Allies) ReachForTheSun: np
(23:03 / Allies) doodoooo: units??
(23:06 / Allies) 999RoCcOo: human plz gold
(23:18 / Allies) ReachForTheSun: You are in high uokeep that would be stupid
(24:13 / All) No.: I'll get 100 food bats and rape your faggot ass green
(24:57 / All) No.: well no point now
(25:20 / Allies) 999RoCcOo: gold plz
(26:48 / Allies) 999RoCcOo: g0
(27:49 / All) No.: You want I should
(27:56 / All) No.: You want I should mass bats bitch?
(28:18 / All) No.: I got just the medicine for you green
(28:31 / Allies) 999RoCcOo: gold plz
(28:41 / All) No.: You won't even know what hit you
(31:38 / Allies) 999RoCcOo: goold plz
(35:05 / Allies) 999RoCcOo: g0
(37:13 / Allies) ReachForTheSun: ty
(37:33 / Allies) 999RoCcOo: exe
(38:00 / All) UniQue101: p[uplre is tking so yuou might win
(38:06 / All) ReachForTheSun: No
(38:07 / All) ReachForTheSun: I will
(39:03 / All) ReachForTheSun: lucky bash making me waste 350 gold
(41:14 / Allies) 999RoCcOo: gold 300 plz for expo
(42:45 / Allies) 999RoCcOo: air
(43:05 / All) No.: hide in the towers boi
(44:01 / Allies) 999RoCcOo: ?
(44:05 / Allies) ReachForTheSun: Sorry misclick
(46:36 / All) ReachForTheSun: lol
(46:38 / All) ReachForTheSun: that mk control
(46:45 / All) ReachForTheSun: What the fuck was that?
(46:50 / All) UniQue101: puple tked us all
(47:00 / Allies) 999RoCcOo: ?
(48:06 / All) No.: that simplifies thigns
(48:11 / All) ReachForTheSun: Just faggot green has to go now
(48:23 / All) ReachForTheSun: Leave you lost you piece of shit
(50:28 / All) ReachForTheSun: Green
(50:32 / All) ReachForTheSun: Leave and you get a tie
(50:34 / All) ReachForTheSun: Stay and you get a loss
(55:10 / All) No.: lawl
(55:19 / All) ReachForTheSun: Last building
(55:24 / All) ReachForTheSun: Any final words for us, green?
(55:32 / All) ReachForTheSun: You were a brave ally and fought to the last moment
(55:36 / Allies) 999RoCcOo: ?_?
(55:37 / All) ReachForTheSun: Alas, this minute you were not supposed to stay to